 Dungeon Crawl Stone Soup version 0.19.0-11-g3fc08b3 (webtiles) character file.

7092 Chiseanne the Unweaver (level 10, -17/84 HPs)
             Began as a Centaur Venom Mage on Nov 8, 2016.
             Was a Follower of Lugonu.
             Demolished by a minotaur
             ... wielding a +4 rod of ignition (9/9)
              (31 damage)
             ... in a labyrinth.
             The game lasted 00:37:05 (30420 turns).

Chiseanne the Unweaver (Centaur Venom Mage)        Turns: 30420, Time: 00:37:05

Health: -17/84     AC: 13    Str: 18    XL:     10   Next: 84%
Magic:  17/17      EV:  9    Int: 14    God:    Lugonu [*.....]
Gold:   615        SH:  9    Dex: 17    Spells: 4 memorised, 9 levels left

rFire  . . .     SeeInvis .     a - +3 broad axe (drain)
rCold  . . .     Gourm    .     y - +2 robe {rN+}
rNeg   + . .     Faith    .     W - +0 shield {rPois}
rPois  +         Spirit   .     m - +1 helmet
rElec  .         Reflect  .     (no cloak)
rCorr  .         Harm     +     (no gloves)
MR     +....                    M - +1 centaur barding {Fly}
Stlth  ++........               l - amulet of harm
                                B - ring of protection from magic
                                n - +6 ring of dexterity

@: mighty, flying, very slightly contaminated, invisible (expiring), very quick
A: hooves 3, deformed body, speed 2, tough skin 3
a: Depart the Abyss, Renounce Religion, Stop Flying


You were in a labyrinth.
You worshipped Lugonu.
Lugonu was aware of your devotion.
You were not hungry.

You visited 1 branch of the dungeon, and saw 11 of its levels.
You also visited: Labyrinth and Ossuary.

You collected 717 gold pieces.
You spent 102 gold pieces at shops.

Inventory:

Hand Weapons
 a - a +3 broad axe of draining (weapon)
 s - a +4 dagger of venom
 P - a +1 trident of protection
Missiles
 d - 403 stones (quivered)
 J - 8 tomahawks
 N - a throwing net
Armour
 m - a +1 helmet (worn)
 y - a +2 robe of positive energy (worn)
 M - a +1 centaur barding of flying (worn)
 W - a +0 shield of poison resistance (worn)
Magical Staves
 U - an uncursed staff of poison
Jewellery
 l - an amulet of harm (around neck)
 n - a +6 ring of dexterity (left hand)
 B - a ring of protection from magic (right hand)
 K - a +3 amulet of reflection
 Q - an uncursed ring of see invisible
 S - an uncursed ring of magical power
 Y - an uncursed amulet of the gourmand {unknown}
Scrolls
 e - 2 scrolls of blinking
 g - a scroll of amnesia
 q - 2 scrolls of remove curse
 x - 2 scrolls of immolation
 A - a scroll of teleportation
 G - a scroll of fear
 R - a scroll of fog
Potions
 f - 2 potions of invisibility
 h - 2 potions of lignification
 i - 5 potions of heal wounds
 k - 2 potions of magic
 o - 2 potions of might
 r - 3 potions of cancellation
 u - a potion of mutation {unknown}
 z - 4 potions of haste
 C - 5 potions of curing
 E - 2 potions of resistance
 V - a potion of agility {unknown}
Books
 b - a Young Poisoner's Handbook

   Spells                             Type                      Level
   a - Sting                          Conjuration/Poison           1
   b - Mephitic Cloud                 Conjuration/Poison/Air       3
   c - Olgreb's Toxic Radiance        Poison                       4
   d - Alistair's Intoxication        Transmutation/Poison         5
   e - Venom Bolt                     Conjuration/Poison           5
 p - a book of Minor Magic

   Spells                             Type                      Level
   a - Magic Dart                     Conjuration                  1
   b - Blink                          Translocation                2
   c - Call Imp                       Summoning                    2
   d - Repel Missiles                 Charms/Air                   2
   e - Slow                           Hexes                        2
   f - Conjure Flame                  Conjuration/Fire             3
   g - Mephitic Cloud                 Conjuration/Poison/Air       3
 O - a book of Frost

   Spells                             Type                      Level
   a - Freeze                         Ice                          1
   b - Throw Frost                    Conjuration/Ice              2
   c - Ozocubu's Armour               Charms/Ice                   3
   d - Throw Icicle                   Conjuration/Ice              4
   e - Summon Ice Beast               Ice/Summoning                4
Comestibles
 v - a meat ration


   Skills:
 - Level 6.5 Fighting
 - Level 5.2 Dodging
 - Level 1.1 Stealth
 + Level 2.6 Shields
 - Level 5.2 Spellcasting
 - Level 6.4 Poison Magic
 - Level 10.3 Invocations


You had 9 spell levels left.
You knew the following spells:

 Your Spells              Type           Power        Failure   Level  Hunger
a - Sting                 Conj/Pois      ##..         17%         1    None
b - Mephitic Cloud        Conj/Pois/Air  #.......     88%         3    ###....
c - Olgreb's Toxic Radia  Pois           ###.....     54%         4    ####...
d - Blink                 Tloc           N/A          92%         2    ##.....


Dungeon Overview and Level Annotations

Branches:
Dungeon (11/15)            Temple (0/1) D:6            Lair (0/6) D:11
    Orc: D:9-12

Altars:
Ashenzari
Dithmenos
Gozag
Hepliaklqana
Makhleb
Okawaru
Xom
Lugonu

Shops:
D:10 *

Annotations:
D:9 1 runed door
Abyss:1 Snorg


Innate Abilities, Weirdness & Mutations

You have hooves in place of feet.
Armour fits poorly on your strangely shaped body.
You cover ground very quickly.
You have extremely tough skin. (AC +3)


Message History

You feel much better.
You feel very mighty all of a sudden.
The minotaur hits you but does no damage.
You block the minotaur's attack. The minotaur barely misses you.
The minotaur gores you but does no damage.
Wield which item (- for none, * to show all)? (? for menu, Esc to quit)
You are already wielding that!
Your shield prevents you from hitting the minotaur.
The minotaur is lightly wounded.
You slash the minotaur!
You kick the minotaur, but do no damage.
The minotaur is heavily wounded.
You flicker for a moment.
The minotaur hits you with a rod of ignition!!
* * * LOW HITPOINT WARNING * * *
The minotaur gores you but does no damage.
The minotaur hits you but does no damage.
The minotaur closely misses you.
The minotaur hits you with a rod of ignition!!
You die...

### ###### #
###...... .# .
#.######.# #.
# #<...#.## #
## #..#.####.#
#. . .
##..#...@H.#.#
. # .########
# .. ### #.
... .....### #
. ... #### # #
.. . . # # ..
..... # ....
.. .. .. . .
.#. . #### . .
.# ## # # # #
. #. .# #. #
.## ## ## #


You could see a minotaur.

Vanquished Creatures
  Pikel (D:5)
  2 centaur zombies
  A two-headed ogre (D:8)
  Sigmund (D:4)
  A wyvern (D:9)
  A spriggan (D:8)
  A water moccasin (D:10)
  A sky beast (D:8)
  An orc warrior (D:5)
  A black bear (D:9)
  5 ice beasts
  8 ogres
  5 centaurs
  Blork the orc (D:5)
  A big kobold (D:10)
  4 bullfrogs
  A gnoll sergeant (D:8)
  3 scorpions
  4 howler monkeys (D:10)
  3 crimson imps
  2 quasits
  6 hounds
  4 jellies
  2 bullfrog skeletons
  A centaur skeleton (D:8)
  2 orc priests
  3 iguanas
  Ijyb (D:3)
  9 orc wizards
  8 worker ants
  2 big kobold zombies (Ossuary)
  9 mummies
  A worker ant zombie (D:5)
  Robin (D:3)
  8 gnolls
  19 adders
  2 shadow imps
  An ooze (D:6)
  3 adder skeletons
  A worm (D:5)
  7 leopard geckos
  27 orcs
  A bat (D:2)
  10 giant cockroaches
  2 gnoll zombies (Ossuary)
  11 goblins
  7 hobgoblins
  8 jackals
  12 kobolds
  4 quokkas
  A ball python skeleton (D:4)
  7 frilled lizards
  A goblin zombie (D:6)
  2 hobgoblin zombies (Ossuary)
  A leopard gecko skeleton (D:6)
  3 orc zombies
  A quokka skeleton (D:7)
  14 rats
  A butterfly (D:6)
251 creatures vanquished.

Vanquished Creatures (others)
  5 hungry ghosts
  An ooze (D:5)
6 creatures vanquished.

Grand Total: 257 creatures vanquished

Notes
Turn   | Place    | Note
-------+----------+-------------------------------------------
     0 | D:1      | Chiseanne the Centaur Venom Mage began the quest for the Orb.
     0 | D:1      | Reached XP level 1. HP: 14/14 MP: 3/3
   556 | D:1      | Reached XP level 2. HP: 22/22 MP: 4/4
   588 | D:1      | Reached skill level 1 in Fighting
  1033 | D:2      | Reached XP level 3. HP: 28/28 MP: 5/5
  1664 | D:2      | Reached XP level 4. HP: 12/36 MP: 6/6
  2171 | D:2      | Learned a level 3 spell: Mephitic Cloud
  2267 | D:3      | Noticed Ijyb
  2281 | D:3      | Killed Ijyb
  2324 | D:3      | Reached XP level 5. HP: 31/42 MP: 2/8
  2447 | D:3      | Noticed Robin
  2460 | D:3      | Killed Robin
  2463 | D:3      | HP: 2/42 [goblin/club[Robin] (7)]
  2717 | D:3      | Found a faded altar of an unknown god.
  2721 | D:3      | Became a worshipper of Lugonu the Unformed
  2721 | D:3      | Reached * piety under Lugonu
  2721 | D:3      | Reached ** piety under Lugonu
  3220 | D:3      | Found an iron altar of Okawaru.
  3475 | D:3      | Found a hazy altar of Hepliaklqana.
  3475 | D:3      | Found a shadowy altar of Dithmenos.
  3580 | D:4      | Reached XP level 6. HP: 17/50 MP: 1/9
  3794 | D:4      | Noticed Sigmund
  3805 | D:4      | Killed Sigmund
  3820 | D:4      | Reached XP level 7. HP: 57/57 MP: 4/11
  4163 | D:4      | Reached *** piety under Lugonu
  4386 | D:5      | Entered Level 5 of the Dungeon
  4386 | D:5      | Noticed Blork the orc
  4399 | D:5      | Killed Blork the orc
  4399 | D:5      | Reached skill level 5 in Poison Magic
  4736 | D:5      | Reached XP level 8. HP: 67/67 MP: 4/13
  5275 | D:5      | Reached skill level 5 in Fighting
  6321 | D:5      | Noticed Pikel
  6360 | D:5      | Killed Pikel
  6360 | D:5      | Reached XP level 9. HP: 40/75 MP: 5/15
  7033 | D:5      | Learned a level 4 spell: Olgreb's Toxic Radiance
  7036 | D:5      | Learned a level 2 spell: Blink
  7087 | D:6      | Reached skill level 1 in Invocations
  7172 | D:6      | Found a sand-covered staircase.
  7188 | Ossuary  | Entered an ossuary
  7244 | Ossuary  | Reached **** piety under Lugonu
  7249 | Ossuary  | Reached skill level 2 in Invocations
  7829 | D:6      | Reached skill level 3 in Invocations
  7880 | D:6      | Found a shimmering altar of Xom.
  8019 | D:6      | Found a shattered altar of Ashenzari.
  8103 | D:6      | Reached skill level 4 in Invocations
  8527 | D:6      | Found a staircase to the Ecumenical Temple.
  8734 | D:7      | Reached skill level 5 in Invocations
  9121 | D:7      | Reached skill level 6 in Invocations
  9427 | D:7      | Identified a scroll of acquirement
  9603 | D:8      | Found an opulent altar of Gozag.
  9647 | D:8      | Reached skill level 7 in Invocations
  9782 | D:8      | Found a burning altar of Makhleb.
 10051 | D:8      | Reached skill level 8 in Invocations
 10272 | D:8      | Reached XP level 10. HP: 58/83 MP: 6/17
 10595 | D:8      | Reached skill level 9 in Invocations
 10739 | D:9      | HP: 1/83 [centaur warrior zombie (6)]
 11248 | D:9      | Reached skill level 10 in Invocations
 11737 | D:9      | Found a runed door.
 11737 | D:9      | Noticed a centaur warrior
 11737 | D:9      | Noticed an ettin
 11737 | D:9      | Noticed a deep troll
 11739 | D:9      | Noticed a yaktaur captain
 11739 | D:9      | Noticed a flayed ghost
 11739 | D:9      | Noticed a stone giant
 11888 | D:10     | Entered Level 10 of the Dungeon
 12030 | D:10     | Reached ***** piety under Lugonu
 12101 | D:10     | Noticed Snorg
 12102 | D:10     | Banished Snorg
 12102 | D:10     | Reached skill level 5 in Dodging
 12102 | D:10     | Reached skill level 5 in Spellcasting
 12274 | D:10     | Noticed a hill giant
 12275 | D:10     | Banished a hill giant
 12683 | D:10     | Found Acovi's Serpentskin Sales.
 12778 | D:10     | Bought a +0 shield of poison resistance for 102 gold pieces
 12865 | D:11     | Found a labyrinth entrance.
 12892 | Lab      | Entered a labyrinth
 30407 | Lab      | Noticed a minotaur
 30420 | Lab      | Identified a +4 rod of ignition (9/9)
 30420 | Lab      | Demolished by a minotaur

Skill      XL: |  1  2  3  4  5  6  7  8  9 10 |
---------------+-------------------------------+-----
Fighting       | 1 2 3 4 5 6 |  6.5
Dodging        | 2 3 4 5 |  5.2
Spellcasting   | 2 3 4 5 |  5.2
Poison Magic   | 4 5 6 |  6.4
Invocations    | 8 10 | 10.3
Shields        | 2 |  2.6
Stealth        | |  1.1

Action                   |  1- 3 |  4- 6 |  7- 9 | 10-12 || total
-------------------------+-------+-------+-------+-------++-------
Melee: Dagger            |   109 |   130 |   435 |    15 ||   689
       Unarmed           |    13 |       |       |       ||    13
       Kick              |     8 |    33 |   160 |    26 ||   227
       Broad axe         |       |       |    32 |   113 ||   145
 Fire: Shortbow          |       |       |       |     3 ||     3
Throw: Stone             |       |       |     5 |       ||     5
 Cast: Sting             |     3 |     6 |    47 |     5 ||    61
       Mephitic Cloud    |       |       |    15 |       ||    15
Invok: Banish            |       |       |       |    10 ||    10
  Use: Scroll            |    10 |     2 |    12 |     8 ||    32
       Potion            |       |     4 |     1 |     4 ||     9
 Stab: Sleeping          |       |     3 |     5 |     3 ||    11
       Distracted        |       |     1 |     1 |       ||     2
       Confused          |       |       |     2 |       ||     2
       Invisible         |       |       |       |     1 ||     1
  Eat: Chunk             |     2 |     6 |    21 |    10 ||    39
       Pizza             |       |       |       |     9 ||     9
       Bread ration      |       |       |       |     7 ||     7
       Fruit             |       |       |       |     2 ||     2
       Meat ration       |       |       |       |     1 ||     1
       Royal jelly       |       |       |       |     1 ||     1
Armor: Robe              |    38 |    40 |    99 |   117 ||   294
       Animal skin       |       |    14 |    49 |       ||    63
Dodge: Dodged            |    56 |    76 |   246 |   109 ||   487
Block: Shield            |       |       |       |     6 ||     6
